 Dungeon Crawl Stone Soup version 0.30-a0-743-gbfdf073431 (webtiles) character file.

Game seed: 8384427558609217527

14 DEFE the Digger (level 2, 12/22 HPs)
             Began as a Demonspawn Wanderer on Feb 7, 2023.
             Quit the game on level 1 of the Dungeon.
             The game lasted 00:00:22 (333 turns).

DEFE the Digger (Demonspawn Wanderer)                Turns: 333, Time: 00:00:23

Health: 12/22      AC:  2    Str: 11    XL:     2   Next: 27%
Magic:  3/3        EV: 11    Int: 15    God:
Gold:   0          SH:  0    Dex: 11    Spells: 3/3 levels left

rFire   . . .      SeeInvis .    a - +0 club
rCold   . . .      Faith    .    (no shield)
rNeg    . . .      Spirit   .    c - +0 robe
rPois   .          Reflect  .    (no helmet)
rElec   .          Harm     .    (no cloak)
rCorr   .          Rampage  .    (no gloves)
Will    .....                    (no boots)
Stlth   +                        (no amulet)
HPRegen 0.23/turn                (no ring)
MPRegen 0.08/turn                (no ring)

@: no status effects
A: demonic guardian 1
a: no special abilities


You were on level 1 of the Dungeon.
You visited 1 branch of the dungeon, and saw 1 of its levels.

Inventory:

Hand Weapons
 a - a +0 club (weapon)
Armour
 c - a +0 robe (worn)
Scrolls
 b - a scroll of fear
 d - a scroll of fog
 e - a scroll of magic mapping {unknown}
 f - a scroll of identify {unknown}


   Skills:
 + Level 2.2 Fighting
 + Level 1.3 Spellcasting
 + Level 2.2 Conjurations
 + Level 4.6 Earth Magic


You had 3 spell levels left.
You didn't know any spells.
Your spell library contained the following spells:

 Spells                   Type           Power      Damage    Failure   Level
 Sandblast                Erth           28%        2d8       3%          1
 Foxfire                  Conj/Fire      16%        2x1d4     16%         1
 Stone Arrow              Conj/Erth      22%        3d8       17%         3
 Animate Armour           Summ/Erth      14%        N/A       67%         4


Dungeon Overview and Level Annotations

Branches:
Dungeon (1/15)

Altars:


Innate Abilities, Weirdness & Mutations

A weak demonic guardian rushes to your aid.


Message History

You are too injured to fight recklessly!
You are too injured to fight recklessly!
You are too injured to fight recklessly!
You are too injured to fight recklessly!
You are too injured to fight recklessly!
You are too injured to fight recklessly!
You are too injured to fight recklessly!
You are too injured to fight recklessly!
You are too injured to fight recklessly!
You are too injured to fight recklessly!
You are too injured to fight recklessly!
You are too injured to fight recklessly!
You are too injured to fight recklessly!
You are too injured to fight recklessly!
You are too injured to fight recklessly!
You hit the jackal but do no damage. The jackal barely misses you.
The jackal bites you but does no damage.
You hit the jackal. The jackal bites you.
You take 3 damage, and have 9/22 hp.
You barely miss the jackal.
The jackal bites you but does no damage.
The jackal bites you.
You take 1 damage, and have 8/22 hp.
You hit the jackal.
You kill the jackal!
The jackal bites you.
You take 1 damage, and have 7/22 hp.
You barely miss the jackal. The jackal closely misses you. x2
You barely miss the jackal. The jackal barely misses you.
The jackal closely misses you.
You hit the jackal but do no damage. The jackal closely misses you.
The jackal barely misses you.
You hit the jackal.
You kill the jackal!
Things that are here:
a jackal corpse; a jackal corpse; a jackal corpse
Found 6 stones.
You aren't carrying any potions.
Unknown command.
Unknown command.

#.#.# ##.#.# #.# .#
....(# #.# #.#. ...###
#.###### ... ####
#.##...##.## #
#.##.......## #
#.##........##
##########....#.......#
...†............@....#
########.###.#.##......(
#.# #............ #.#
#.#.###..##.. #.....#.#
..# . #.#.###.# ..# #.#.
#.# .# #.# #.. .#


There were no monsters in sight!

Vanquished Creatures
  A dart slug (D:1)
  2 endoplasms (D:1)
  A hobgoblin (D:1)
  4 jackals (D:1)
  A frilled lizard (D:1)
  A rat (D:1)
10 creatures vanquished.

Notes
Turn   | Place    | Note
-------+----------+-------------------------------------------
     0 | D:1      | DEFE the Demonspawn Wanderer began the quest for the Orb.
     0 | D:1      | DEFE set off with the following items: a +0 club, a scroll
                  | of fear, a +0 robe, a scroll of fog; and the following
                  | spells available to memorise: Sandblast, Foxfire, Stone
                  | Arrow, Animate Armour.
     0 | D:1      | Reached XP level 1. HP: 16/16 MP: 2/2
   274 | D:1      | Gained mutation: A weak demonic guardian rushes to your
                  | aid. [demonic ancestry]
   274 | D:1      | Reached XP level 2. HP: 20/22 MP: 3/3
   333 | D:1      | Quit the game

Illustrated notes

Levels and vault maps discovered:
D:1:      saegor_arrival_simple_c, layout_loops_ring

Action                     || total
---------------------------++-------
  Melee: Club              ||    44
 Armour: Robe              ||     8
  Dodge: Dodged            ||    27

Table legend: (Time is in decaauts)
 A = Elapsed time spent in this place.
 B = Non-inter-level travel time spent in this place.
 C = Inter-level travel time spent in this place.
 D = Time resting spent in this place.
 E = Time spent auto-exploring this place.
 F = Levels seen in this place.
 G = Mean time per level.
                   A        B        C        D        E       F      G
               +--------+--------+--------+--------+--------+-----+--------+
         Total |    346 |    346 |      0 |     41 |    202 |   1 |  346.0 |
       Dungeon |    346 |    346 |      0 |     41 |    202 |   1 |  346.0 |
               +--------+--------+--------+--------+--------+-----+--------+

Top non-repeatable levels by time:
     D:1: 346 daAuts
